 Dungeon Crawl Stone Soup version 0.16.0-16-g311141a (webtiles) character file.

149 valak23 the Skirmisher (level 5, -6/47 HPs)
             Began as a Draconian Berserker on Mar 19, 2015.
             Was a Priest of Trog.
             Mangled by a gnoll
             ... wielding a +0 halberd
              (14 damage)
             ... on level 2 of the Dungeon.
             The game lasted 00:03:54 (1405 turns).

valak23 the Skirmisher (Draconian Berserker)        Turns: 1405, Time: 00:03:54

Health: -6/47      AC:  5    Str: 21    XL:     5   Next: 9%
Magic:  5/5        EV: 13    Int:  7    God:    Trog [***...]
Gold:   169        SH:  0    Dex: 10    Spells: 0 memorised, 4 levels left

rFire  . . .     SeeInvis .     a - +0 falchion
rCold  . . .     Clarity  .     (armour unavailable)
rNeg   . . .     SustAb   .     (no shield)
rPois  .         Gourm    .     (helmet restricted)
rElec  .         Spirit   .     (no cloak)
rCorr  .         Warding  .     (no gloves)
rMut   .         Stasis   .     (no boots)
MR     .....                    (no amulet)
Stlth  +.........               (no ring)
                                b - ring of invisibility

@: not resistant to hostile enchantments, very unstealthy
A: unfitting armour, cold-blooded, AC +5
a: Burn Spellbooks, Berserk, Trog's Hand, Renounce Religion, Evoke Invisibility


You were on level 2 of the Dungeon.
You worshipped Trog.
Trog was most pleased with you.
You were not hungry.

You visited 1 branch of the dungeon, and saw 2 of its levels.

You collected 169 gold pieces.

Inventory:

Hand weapons
 a - a +0 falchion (weapon)
Jewellery
 b - a ring of invisibility (left hand)
 n - an uncursed amulet of clarity {unknown}
Magical devices
 j - a wand of teleportation (5)
Scrolls
 c - 2 scrolls of identify {unknown}
 d - 4 scrolls of remove curse {unknown}
 e - a scroll of blinking {unknown}
 i - a scroll of fog {unknown}
Potions
 f - a potion of brilliance {unknown}
 g - a potion of degeneration {unknown}
 k - a potion of cancellation {unknown}
 l - a potion of heal wounds {unknown}
Comestibles
 h - a bread ration
 m - a meat ration


   Skills:
 + Level 4.4 Fighting
 + Level 3.9 Long Blades
 + Level 3.9 Dodging
 + Level 0.2 Stealth


You had 4 spell levels left.
You didn't know any spells.

Dungeon Overview and Level Annotations

Branches:
Dungeon (2/15)

Altars:


Innate Abilities, Weirdness & Mutations

Your plain brown scales are hard (AC +5).
Your body does not fit into most forms of armour.
Your cold-blooded metabolism reacts poorly to cold.


Message History

You hit the gnoll!
You kill the gnoll!
Trog accepts your kill.
The gnoll hits you from afar with a halberd.
* * * LOW HITPOINT WARNING * * *
You are too injured to fight recklessly!
You are too injured to fight recklessly!
You are too injured to fight recklessly!
You are too injured to fight recklessly!
You are too injured to fight recklessly!
You are too injured to fight recklessly!
You are too injured to fight recklessly!
You are too injured to fight recklessly!
You are too injured to fight recklessly!
You are too injured to fight recklessly!
The gnoll hits you with a halberd.
* * * LOW HITPOINT WARNING * * *
You see here a spear.
You closely miss the gnoll. The gnoll hits you with a halberd!
You die...

##### ##### #...
#...######.#
#..........#####..###
#...######.)@g.......
##.## #.#####..##.
#># #.# #.#### #..
#....# ### ####.# #.#
####### #.# #.....#
###.# #.....#


You could see a gnoll.

Vanquished Creatures
  7 adders (D:2)
  2 gnolls (D:2)
  A giant mite (D:2)
  2 worms (D:2)
  2 giant geckos (D:1)
  An ooze (D:1)
  2 ball pythons (D:1)
  5 bats
  2 giant cockroaches
  6 hobgoblins
  A jackal (D:2)
  8 giant newts
  4 goblins
  8 kobolds
  9 rats
60 creatures vanquished.

Notes
Turn   | Place    | Note
--------------------------------------------------------------
     0 | D:1      | valak23, the Draconian Berserker, began the quest for the Orb.
     0 | D:1      | Reached XP level 1. HP: 19/19 MP: 1/1
   314 | D:1      | Reached XP level 2. HP: 24/26 MP: 2/2
   715 | D:1      | Acquired Trog's second power
   920 | D:2      | Reached XP level 3. HP: 21/31 MP: 3/3
  1046 | D:2      | Reached skill level 4 in Fighting
  1048 | D:2      | Reached XP level 4. HP: 14/40 MP: 4/4
  1399 | D:2      | Reached XP level 5. HP: 37/47 MP: 5/5
  1405 | D:2      | Mangled by a gnoll

Action                   |  1- 3 |  4- 6 || total
-------------------------+-------+-------++-------
Melee: Falchion          |   116 |    48 ||   164
Invok: Trog's Hand       |       |     1 ||     1
  Eat: Bread ration      |     1 |       ||     1
